 Dungeon Crawl Stone Soup version 0.23.0 (webtiles) character file.

Game seed: 14158192791108250165

85 Gadfly the Insei (level 4, -1/28 HPs)
             Began as an Octopode Transmuter on Feb 15, 2019.
             Was a Follower of Cheibriados.
             Slain by Grinder (3 damage)
             ... while paralysed by Grinder
             ... on level 2 of the Dungeon.
             The game lasted 00:04:52 (3492 turns).

Gadfly the Insei (Octopode Transmuter)              Turns: 3492, Time: 00:04:53

Health: -1/28      AC:  1    Str: 12    XL:     4   Next: 48%
Magic:  5/8        EV:  2    Int: 18    God:    Cheibriados [*.....]
Gold:   68         SH:  0    Dex: 16    Spells: 2/8 levels left

rFire    . . .     SeeInvis .     - Unarmed
rCold    . . .     Gourm    .   (no shield)
rNeg     . . .     Faith    .   (helmet restricted)
rPois    .         Spirit   .   p - amulet of inaccuracy (curse)
rElec    .         Reflect  .   (no ring)
rCorr    .         Harm     .   (no ring)
MR       .....                  (no ring)
Stlth    ++........             (no ring)
HPRegen  0.09/turn              (no ring)
MPRegen  0.11/turn              (no ring)
                                (no ring)
                                (no ring)

@: paralysed, very slow
A: almost no armour, stealthy swim, amphibious, 8 rings, constrict 8, camouflage
1, gelatinous body 1
a: Bend Time, Renounce Religion


You were on level 2 of the Dungeon.
You worshipped Cheibriados.
Cheibriados was aware of your devotion.
You were not hungry.

You visited 1 branch of the dungeon, and saw 3 of its levels.

You collected 68 gold pieces.

Inventory:

Missiles
 a - 23 arrows
Jewellery
 p - a cursed amulet of inaccuracy (around mantle)
Scrolls
 e - a scroll of teleportation
 i - 3 scrolls of fear {unknown}
 n - a scroll of remove curse {unknown}
Potions
 b - a potion of berserk rage {unknown}
 d - a potion of brilliance {unknown}
 f - a potion of cancellation {unknown}
 g - 2 potions of might {unknown}
 h - a potion of heal wounds {unknown}
 j - a potion of lignification {unknown}
 k - a potion of flight {unknown}
 l - a potion of curing {unknown}
 m - a potion of agility
 o - a potion of degeneration {unknown}
Comestibles
 c - 3 rations


   Skills:
 + Level 1.5 Fighting
 + Level 2.3 Dodging
 + Level 3.3 Unarmed Combat
 * Level 2.8 Spellcasting
 * Level 3.0 Transmutations


You had 2 spell levels left.
You knew the following spells:

 Your Spells              Type           Power        Failure   Level  Hunger
a - Beastly Appendage     Tmut           ##....       4%          1    None
b - Spider Form           Tmut/Pois      #.........   26%         3    ###....
c - Sticks to Snakes      Tmut           ##......     7%          2    ##.....

Your spell library contained the following spells:

 Spells                   Type           Power        Failure   Level  Hunger
 Ice Form                 Ice/Tmut       #.......     65%         4    ####...
 Blade Hands              Tmut           ##........   78%         5    ######.


Dungeon Overview and Level Annotations

Branches:
Dungeon (3/15)

Altars:
Cheibriados

Annotations:
D:2 Grinder


Innate Abilities, Weirdness & Mutations

You cannot wear most types of armour.
You are very stealthy in the water. (Stealth+)
You are amphibious.
You can wear up to eight rings at the same time.
You can use your tentacles to constrict eight enemies at once.
Your skin changes colour to match your surroundings (Stealth+).
Your rubbery body absorbs attacks. (AC +1, EV +1)


Message History

You hit Grinder.
Grinder is lightly wounded.
You hit Grinder.
Grinder is moderately wounded.
Grinder hits you but does no damage.
You barely miss Grinder.
Grinder is moderately wounded.
Your transformation has ended.
Grinder hits you.
You writhe in agony.
* * * LOW HITPOINT WARNING * * *
You closely miss Grinder. Your grab misses Grinder.
Grinder is moderately wounded.
Grinder gestures at you.
You suddenly lose the ability to move!
Grinder gestures at you.
You shrug off the repeated paralysis!
Grinder hits you.
* * * LOW HITPOINT WARNING * * *
Grinder hits you.
You die...

#.# #.#
#..#####.####...######
#.# ##.###..# #.#
#...# #.# #.......#
#.# ##.## #.#
#..####.# #.# #.# #.#
#..# #.#####.# #.# ..#
#..# #...[...# ##.#
### #..#######.####
#..# #.......##5# #.##
#.#####.##@# #.# #.#
#.##># #.# #### #.#
#.##.# #.#
...####.#####.##.# #.#
##...............# #.#
######.#####.#### #.#
#.# #.# #.# #.# #.#
#.######## #.# #.##
#........#


You could see Grinder.

Vanquished Creatures
  3 adders (D:2)
  3 worms (D:2)
  2 leopard geckos (D:2)
  An orc (D:2)
  2 giant cockroaches (D:1)
  5 goblins
  3 hobgoblins
  6 jackals
  A quokka (D:2)
  A ball python (D:1)
  4 bats (D:1)
  2 frilled lizards
  7 kobolds
  6 rats
46 creatures vanquished.

Notes
Turn   | Place    | Note
-------+----------+-------------------------------------------
     0 | D:1      | Gadfly the Octopode Transmuter began the quest for the Orb.
     0 | D:1      | Reached XP level 1. HP: 13/13 MP: 3/3
   394 | D:1      | Reached XP level 2. HP: 16/18 MP: 3/5
  1436 | D:2      | Reached XP level 3. HP: 23/23 MP: 4/6
  1451 | D:2      | Learned a level 3 spell: Spider Form
  1454 | D:2      | Learned a level 2 spell: Sticks to Snakes
  2562 | D:2      | Reached XP level 4. HP: 17/28 MP: 6/8
  2596 | D:2      | Found a faded altar of an unknown god.
  2715 | D:2      | Became a worshipper of Cheibriados the Contemplative
  2715 | D:2      | Reached * piety under Cheibriados
  3003 | D:3      | Noticed Grinder
  3489 | D:2      | Paralysed by Grinder for 5 turns
  3492 | D:2      | Slain by Grinder

Skill      XL: |  1  2  3 |
---------------+----------+-----
Transmutations | 3 |  3.0
Fighting       | |  1.5
Dodging        | |  2.3
Unarmed Combat | |  3.3
Spellcasting   | |  2.8

Action                   |  1- 3 |  4- 6 || total
-------------------------+-------+-------++-------
Melee: Unarmed           |   121 |    36 ||   157
       Constrict         |    26 |     6 ||    32
       Kick              |    11 |     3 ||    14
       Tentacles         |    12 |     3 ||    15
       Punch             |     3 |       ||     3
 Cast: Beastly Appendage |    10 |     2 ||    12
       Spider Form       |       |     1 ||     1
       Sticks to Snakes  |       |     1 ||     1
  Use: Scroll            |     6 |       ||     6
 Stab: Sleeping          |     4 |     1 ||     5
       Distracted        |       |     1 ||     1
  Eat: Chunk             |     5 |     2 ||     7
Armor: Skin              |    17 |     2 ||    19
Dodge: Dodged            |    88 |    27 ||   115
